 Dungeon Crawl Stone Soup version 0.22.0-75-g3901e79 (webtiles) character file.

43526 nicolaieve the Tortoise (level 13, -7/130 HPs)
             Began as a Minotaur Berserker on Sept 12, 2018.
             Was an Elder of Trog.
             Mangled by a wolf spider (8 damage)
             ... on level 6 of the Lair of Beasts.
             The game lasted 01:02:25 (13336 turns).

nicolaieve the Tortoise (Minotaur Berserker)       Turns: 13336, Time: 01:02:27

Health: -7/130     AC: 25    Str: 23    XL:     13   Next: 91%
Magic:  12/12      EV: 15    Int:  4    God:    Trog [****..]
Gold:   1107       SH:  5    Dex: 14    Spells: 12/12 levels left

rFire    . . .     SeeInvis .   N - +4 flail (protect)
rCold    . . .     Gourm    .   y - +0 buckler
rNeg     . . .     Faith    .   M - +2 chain mail {rPois}
rPois    +         Spirit   .   (helmet restricted)
rElec    .         Reflect  .   g - +0 cloak
rCorr    .         Harm     .   (no gloves)
MR       +....                  (no boots)
Stlth    ..........             (no amulet)
HPRegen  0.31/turn              e - ring of protection from magic
MPRegen  0.13/turn              B - +4 ring of evasion

@: protection aura, berserk cooldown, slowed, very slow
A: retaliatory headbutt, horns 2
a: Berserk, Trog's Hand, Brothers in Arms, Renounce Religion


You were on level 6 of the Lair of Beasts.
You worshipped Trog.
Trog was greatly pleased with you.
You were near starving.

You visited 2 branches of the dungeon, and saw 16 of its levels.
You also visited: Ossuary.

You collected 1107 gold pieces.

Inventory:

Hand Weapons
 k - a +0 hunting sling
 N - a +4 flail of protection (weapon)
Missiles
 j - 129 sling bullets
 m - 586 stones (quivered)
Armour
 g - a +0 cloak (worn)
 i - a +1 ring mail of positive energy
 y - a +0 buckler (worn)
 M - a +2 chain mail of poison resistance (worn)
Jewellery
 e - a ring of protection from magic (left hand)
 B - a +4 ring of evasion (right hand)
Wands
 a - a wand of enslavement (17)
 h - a wand of clouds (5)
 x - a wand of flame (74)
 z - a wand of polymorph (9)
 A - a wand of paralysis (24)
 F - a wand of acid (10)
 O - a wand of digging (12)
Scrolls
 b - 4 scrolls of fear {unknown}
 d - 7 scrolls of teleportation {unknown}
 f - a scroll of magic mapping {unknown}
 l - 2 scrolls of amnesia {unknown}
 o - 2 scrolls of enchant weapon {unknown}
 q - 7 scrolls of remove curse {unknown}
 r - 4 scrolls of immolation {unknown}
 s - 6 scrolls of enchant armour {unknown}
 u - a scroll of summoning {unknown}
 D - 3 scrolls of noise {unknown}
 G - a scroll of blinking {unknown}
 I - a scroll of random uselessness {unknown}
 J - a scroll of fog {unknown}
Potions
 p - a potion of ambrosia
 t - 9 potions of curing
 v - 6 potions of haste
 w - 4 potions of agility
 C - 2 potions of might
 E - 2 potions of cancellation
 K - 2 potions of flight {unknown}
 L - 2 potions of resistance {unknown}
Comestibles
 c - 18 rations
 H - 10 chunks of flesh


   Skills:
 + Level 16.4 Fighting
 - Level 13.2 Maces & Flails
 - Level 3.8 Slings
 + Level 17.1 Armour
 + Level 4.0 Dodging
 - Level 5.1 Shields


You had 12 spell levels left.
You didn't know any spells.
Your spell library was empty.

Dungeon Overview and Level Annotations

Branches:
Dungeon (10/15)            Temple (0/1) D:4            Lair (6/6) D:10
 Shoals (0/4) Lair:3        Snake (0/4) Lair:4          Orc (0/2) D:10
  Slime: Lair:5-6

Altars:
Cheibriados
Dithmenos
Gozag
Hepliaklqana
Makhleb
Nemelex Xobeh
Okawaru
Sif Muna
Uskayaw
Vehumet
Yredelemnul
Zin
The Shining One

Annotations:
Lair:1 3 runed doors, Ghost6211's ghost, journeyman MiFi


Innate Abilities, Weirdness & Mutations

You reflexively headbutt those who attack you in melee.
You have a pair of horns on your head.


Message History

Things that are here:
a robe; a dagger of speed; the human skeleton of Josephine You bludgeon the water moccasin!!
Your weapon exudes an aura of protection.
The water moccasin is severely wounded.
The wolf spider hits you!
* * * LOW HITPOINT WARNING * * *
The wolf spider closely misses you. The water moccasin closely misses you.
The wolf spider hits you but does no damage.
You block the wolf spider's attack.
Your ogre closely misses the wolf spider.
The water moccasin barely misses you.
You closely miss the water moccasin.
The water moccasin is severely wounded.
Your skin stops crawling.
You feel less resistant to hostile enchantments.
The wolf spider hits you!
* * * LOW HITPOINT WARNING * * *
The wolf spider bites you!
You die...

......#.P##.P...
.........#.......
.................
.................
##..................
#...................
.P..................
.........#..........
.......@............
#......SsO÷.........
##......<...........
#.......†.[......#
#..........†.....P##
..[..............P.#
................P...
....................
................#...


You could see a wolf spider, a water moccasin and a friendly ogre (berserk).

Vanquished Creatures
  Nessos (Lair:4)
  Josephine (Lair:6)
  8 hydras
  A two-headed ogre (D:8)
  A catoblepas (Lair:5)
  Erica (Lair:2)
  5 death yaks
  Nergalle (Lair:3)
  The ghost of Nilihum the Thaumaturge, a novice DEWz of Sif Muna (Lair:2)
  6 elephants (Lair:4)
  6 black mambas
  5 torpor snails
  A gargoyle (D:9)
  9 spiny frogs
  2 rime drakes
  7 komodo dragons
  A polar bear (Lair:5)
  2 hornets (Lair:6)
  5 dream sheep
  5 blink frogs (Lair:3)
  4 hippogriffs
  A redback (Lair:6)
  43 yaks
  A vampire (D:6)
  4 wraiths (Lair:6)
  4 wyverns
  4 basilisks
  2 hungry ghosts
  3 nagas (Lair:4)
  11 water moccasins
  9 porcupines
  2 sky beasts
  3 ice beasts
  2 orc warriors
  5 ogres
  2 phantoms
  3 wolves (Lair:1)
  5 centaurs
  8 crocodiles
  2 big kobolds
  13 bullfrogs
  3 scorpions
  4 killer bees (D:10)
  3 howler monkeys
  5 crimson imps
  A quasit (D:7)
  3 jellies
  3 orc priests (D:8)
  7 hounds
  A gnoll shaman (D:7)
  4 iguanas
  3 iron imps (D:3)
  3 orc wizards
  8 worker ants
  A hound zombie (D:6)
  3 hound skeletons
  8 mummies (Ossuary)
  Robin (D:3)
  A worker ant zombie (D:8)
  3 gnolls (D:7)
  6 adders
  A shadow imp (D:8)
  An ooze (D:5)
  2 adder skeletons
  3 worms
  2 dart slugs
  6 leopard geckos
  23 orcs
  4 ball pythons
  11 giant cockroaches
  A gnoll zombie (Ossuary)
  7 hobgoblins
  10 jackals
  3 quokkas
  9 bats
  4 frilled lizards
  18 goblins
  4 hobgoblin zombies (Ossuary)
  A jackal skeleton (D:2)
  A jackal zombie (D:7)
  16 kobolds
  A kobold zombie (Ossuary)
  A leopard gecko skeleton (D:4)
  2 orc zombies (Ossuary)
  12 rats
414 creatures vanquished.

Vanquished Creatures (collateral kills)
  A guardian serpent (Lair:6)
  A redback (Lair:6)
  2 wyverns (Lair:6)
4 creatures vanquished.

Vanquished Creatures (others)
  10 fungi
  20 plants
30 creatures vanquished.

Grand Total: 448 creatures vanquished

Notes
Turn   | Place    | Note
-------+----------+-------------------------------------------
     0 | D:1      | nicolaieve the Minotaur Berserker began the quest for the
                  | Orb.
     0 | D:1      | Reached XP level 1. HP: 19/19 MP: 0/0
   100 | D:1      | Reached XP level 2. HP: 26/26 MP: 1/1
   888 | D:2      | Reached skill level 5 in Maces & Flails
   907 | D:2      | Reached ** piety under Trog
   955 | D:2      | Reached XP level 3. HP: 24/31 MP: 2/2
  1086 | D:2      | Found a faded altar of an unknown god.
  1375 | D:2      | Noticed an angel
  1376 | D:2      | Found a glowing silver altar of Zin.
  1578 | D:3      | Found a snail-covered altar of Cheibriados.
  1589 | D:3      | Reached XP level 4. HP: 36/39 MP: 3/3
  1635 | D:3      | Reached *** piety under Trog
  1798 | D:3      | Found a burning altar of Makhleb.
  1798 | D:3      | Noticed Robin
  1961 | D:3      | Killed Robin
  1963 | D:3      | Reached XP level 5. HP: 45/45 MP: 4/4
  2139 | D:4      | Reached XP level 6. HP: 49/51 MP: 5/5
  2155 | D:4      | Found a staircase to the Ecumenical Temple.
  2183 | D:4      | Found an iron altar of Okawaru.
  2294 | D:4      | Found a radiant altar of Vehumet.
  2397 | D:4      | Found a sparkling altar of Nemelex Xobeh.
  2725 | D:4      | Reached **** piety under Trog
  2779 | D:5      | Entered Level 5 of the Dungeon
  2886 | D:5      | Reached XP level 7. HP: 47/57 MP: 6/6
  3096 | D:5      | Reached skill level 10 in Maces & Flails
  3096 | D:5      | Reached skill level 1 in Shields
  3222 | D:5      | Found a burning altar of Makhleb.
  3542 | D:6      | Noticed a yak
  3543 | D:6      | Noticed a yak
  3543 | D:6      | Noticed a yak
  3543 | D:6      | Noticed a yak
  3544 | D:6      | Noticed a yak
  3552 | D:6      | Killed a yak
  3552 | D:6      | Reached XP level 8. HP: 59/64 MP: 7/7
  3568 | D:6      | Reached skill level 5 in Shields
  3569 | D:6      | Reached skill level 1 in Slings
  3646 | D:6      | Reached skill level 3 in Armour
  3646 | D:6      | Reached XP level 9. HP: 51/71 MP: 8/8
  3945 | D:6      | Reached skill level 5 in Fighting
  3945 | D:6      | Reached skill level 4 in Armour
  4298 | D:7      | Reached skill level 5 in Armour
  4310 | D:7      | Found a sand-covered staircase.
  4320 | Ossuary  | Entered an ossuary
  4333 | Ossuary  | Received a gift from Trog
  4662 | D:7      | Reached skill level 6 in Armour
  4692 | D:7      | Found an opulent altar of Gozag.
  4795 | D:7      | Found a hide-covered altar of Uskayaw.
  5233 | D:8      | Reached skill level 7 in Armour
  5249 | D:8      | Reached ***** piety under Trog
  5317 | D:8      | Found a deep blue altar of Sif Muna.
  5555 | D:8      | Found a hazy altar of Hepliaklqana.
  5565 | D:8      | Noticed a two-headed ogre
  5578 | D:8      | Killed a two-headed ogre
  5578 | D:8      | Reached skill level 8 in Armour
  5578 | D:8      | Reached XP level 10. HP: 90/90 MP: 9/9
  5690 | D:8      | Found a basalt altar of Yredelemnul.
  5707 | D:8      | Found a glowing golden altar of the Shining One.
  6015 | D:8      | Noticed an angel
  6200 | D:9      | Found a shadowy altar of Dithmenos.
  6313 | D:9      | Reached skill level 9 in Armour
  6715 | D:9      | Noticed a gargoyle
  6727 | D:9      | Killed a gargoyle
  6979 | D:10     | Entered Level 10 of the Dungeon
  7069 | D:10     | Reached skill level 10 in Fighting
  7168 | D:10     | Reached skill level 10 in Armour
  7238 | D:10     | Found a burning altar of Makhleb.
  7242 | D:10     | Found a staircase to the Orcish Mines.
  7384 | D:10     | Found a staircase to the Lair.
  7637 | Lair:1   | Entered Level 1 of the Lair of Beasts
  7656 | Lair:1   | Reached XP level 11. HP: 102/102 MP: 10/10
  7664 | Lair:1   | Reached skill level 11 in Armour
  7681 | Lair:1   | Received a gift from Trog
  7793 | Lair:1   | Found a runed gate.
  7800 | Lair:1   | Noticed a 12-headed hydra
  7801 | Lair:1   | Noticed a 12-headed hydra
  7802 | Lair:1   | Found a runed gate.
  7802 | Lair:1   | Found a runed gate.
  7802 | Lair:1   | Noticed Ghost6211's ghost (journeyman MiFi)
  7827 | Lair:1   | Noticed a four-headed hydra
  7834 | Lair:1   | Killed a four-headed hydra
  7860 | Lair:1   | Noticed a seven-headed hydra
  7886 | Lair:1   | Killed a seven-headed hydra
  7886 | Lair:1   | Reached skill level 12 in Armour
  8124 | Lair:1   | Found a snail-covered altar of Cheibriados.
  9246 | Lair:2   | Reached skill level 13 in Armour
  9258 | Lair:2   | Noticed Erica
  9264 | Lair:2   | Killed Erica
  9377 | Lair:2   | Reached XP level 12. HP: 110/115 MP: 11/11
  9477 | Lair:2   | Found a runed gate.
  9478 | Lair:2   | Found a runed gate.
  9478 | Lair:2   | Noticed Nilihum's ghost (novice DEWz)
  9479 | Lair:2   | Found a runed gate.
  9581 | Lair:2   | Noticed a death yak
  9590 | Lair:2   | Noticed a death yak
  9592 | Lair:2   | Noticed a death yak
  9595 | Lair:2   | Noticed a death yak
  9595 | Lair:2   | Noticed a death yak
  9611 | Lair:2   | Killed a death yak
  9617 | Lair:2   | Killed a death yak
  9621 | Lair:2   | Killed a death yak
  9629 | Lair:2   | Killed a death yak
 10054 | Lair:2   | Reached skill level 14 in Armour
 10071 | Lair:2   | Killed Nilihum's ghost
 10144 | Lair:3   | Found a staircase to the Shoals.
 10172 | Lair:3   | Noticed Nergalle
 10212 | Lair:3   | Killed Nergalle
 10439 | Lair:3   | Killed a death yak
 10723 | Lair:3   | Reached skill level 15 in Armour
 11267 | Lair:4   | Noticed an eight-headed hydra
 11294 | Lair:4   | Killed an eight-headed hydra
 11429 | Lair:4   | Found a staircase to the Snake Pit.
 11454 | Lair:4   | Noticed Nessos
 11490 | Lair:4   | Killed Nessos
 11490 | Lair:4   | Reached XP level 13. HP: 68/125 MP: 12/12
 11586 | Lair:4   | Received a gift from Trog
 11586 | Lair:4   | Reached skill level 16 in Armour
 11895 | Lair:4   | Reached skill level 15 in Fighting
 12204 | Lair:5   | Found a glowing silver altar of Zin.
 12887 | Lair:6   | Entered Level 6 of the Lair of Beasts
 12893 | Lair:6   | Noticed Josephine
 12909 | Lair:6   | Killed Josephine
 13015 | Lair:6   | Reached skill level 17 in Armour
 13297 | Lair:6   | Paralysed by a hornet for 2 turns
 13329 | Lair:6   | HP: 4/130 [wolf spider (15)]
 13336 | Lair:6   | HP: 1/130 [wolf spider (16)]
 13336 | Lair:6   | Mangled by a wolf spider

Skill      XL: |  1  2  3  4  5  6  7  8  9 10 11 12 13 |
---------------+----------------------------------------+-----
Maces & Flails | 4 5 6 7 8 9 11 12 13 | 13.2
Shields        | 3 5 |  5.1
Slings         | 3 |  3.8
Fighting       | 4 8 11 13 14 16 | 16.4
Armour         | 3 8 10 13 15 17 | 17.1
Dodging        | 4 |  4.0

Action                   |  1- 3 |  4- 6 |  7- 9 | 10-12 | 13-15 || total
-------------------------+-------+-------+-------+-------+-------++-------
Melee: Mace              |   103 |    39 |       |       |       ||   142
       Headbutt          |    11 |    22 |    94 |   209 |    83 ||   419
       Whip              |       |    88 |   377 |   735 |    52 ||  1252
       Flail             |       |       |       |       |   217 ||   217
Invok: Berserk           |     3 |     3 |     9 |    17 |     7 ||    39
       Trog's Hand       |       |       |     2 |     5 |     3 ||    10
       Brothers in Arms  |       |       |       |       |     2 ||     2
  Use: Scroll            |       |       |    10 |       |     1 ||    11
       Potion            |       |       |       |     3 |     7 ||    10
  Eat: Chunk             |     5 |     7 |    18 |    32 |    13 ||    75
       Ration            |       |       |       |     2 |       ||     2
Armor: Animal skin       |     4 |       |       |       |       ||     4
       Ring mail         |    56 |    42 |    81 |    10 |       ||   189
       Plate armour      |       |       |       |   240 |    52 ||   292
       Chain mail        |       |       |       |       |   145 ||   145
Dodge: Dodged            |    90 |    54 |   119 |   263 |   243 ||   769
Block: Buckler           |       |     2 |    41 |   124 |    92 ||   259
